 Dungeon Crawl Stone Soup version 0.26.1-2-gb8aa6d0cf2 (webtiles) character file.

Game seed: 14733380514432655912

105723 nightchill the Earth Mage (level 16, -13/103 HPs)
             Began as a Gargoyle Earth Elementalist on Feb 10, 2021.
             Was a High Priest of Ashenzari.
             Mangled by a goliath frog (19 damage)
             ... on level 3 of the Swamp on Feb 11, 2021.
             The game lasted 03:35:26 (48262 turns).

nightchill the Earth Mage (GrEE)                   Turns: 48262, Time: 03:35:26

Health: -13/103    AC: 25    Str: 17    XL:     16   Next: 42%
Magic:  29/29      EV: 12    Int: 18    God:    Ashenzari [*****.]
Gold:   1867       SH:  5    Dex: 10    Spells: 19/34 levels left

rFire    + + .     SeeInvis +   a - +7 rapier (elec)
rCold    + . .     Faith    .   (no shield)
rNeg     + . .     Spirit   .   u - +2 robe {rC+ rF+}
rPois    ∞         Reflect  +   S - +2 helmet
rElec    +         Harm     .   Z - +2 cloak
rCorr    .         Rampage  .   O - +0 pair of gloves
Will     +....     Clarity  +   l - +1 pair of boots
Stlth    ++++++....             R - amulet of reflection (curse)
HPRegen  0.27/turn              r - ring of stealth (curse)
MPRegen  0.21/turn              L - ring of protection from fire

@: flying, studying Translocations
A: big wings, negative energy resistance 1, electricity resistance, unbreathing,
petrification resistance, miasma immunity, AC +12
a: Stop Flying, Renounce Religion, Curse Item, Scrying, Transfer Knowledge


You were on level 3 of the Swamp.
You worshipped Ashenzari.
Ashenzari was extremely pleased with you.
You visited 6 branches of the dungeon, and saw 28 of its levels.

You collected 2325 gold pieces.
You spent 458 gold pieces at shops.

Inventory:

Hand Weapons
 a - a +7 rapier of electrocution (weapon)
 H - a +0 rapier
 I - a +1 rapier of freezing
 T - the +8 long sword of No Interval {antimagic, Dex+4 SInv}
   (You found it on level 4 of the Lair of Beasts)

   It reduces the magical energy of the wielder, and disrupts the spells and
   magical abilities of those hit.
   Natural abilities and divine invocations are not affected.
   It affects your dexterity (+4).
   It lets you see invisible.
Missiles
 i - 608 stones (quivered)
 p - 50 poisoned darts
 z - 2 atropa-tipped darts
 W - 2 throwing nets
Armour
 l - a +1 pair of boots (worn)
 s - a +2 robe of willpower
 u - a +2 robe of resistance (worn)
 E - a +2 kite shield
 O - a +0 pair of gloves (worn)
 S - a +2 helmet (worn)
 Z - a +2 cloak (worn)
Magical Staves
 b - an uncursed staff of earth
Jewellery
 c - an uncursed ring of fire
 r - a cursed ring of stealth (left hand)
 B - an uncursed amulet of magic regeneration
 F - an uncursed ring of ice
 L - a ring of protection from fire (right hand)
 M - an uncursed ring of magical power
 R - a cursed amulet of reflection (around neck)
 V - an uncursed ring of wizardry
Wands
 e - a wand of iceblast (15)
 m - a wand of polymorph (21)
 q - a wand of acid (11)
 x - a wand of disintegration (39)
 y - a wand of digging (7)
 C - a wand of enslavement (9)
Scrolls
 g - 13 scrolls of teleportation
 h - 5 scrolls of blinking
 k - 6 scrolls of enchant armour
 v - 6 scrolls of remove curse
 w - 4 scrolls of fog
 G - 3 scrolls of amnesia
 J - a scroll of brand weapon
 N - 4 scrolls of fear
 Q - 2 scrolls of silence
 U - 6 scrolls of identify
 X - a scroll of magic mapping
 Y - a scroll of holy word
Potions
 d - 6 potions of curing
 j - 4 potions of haste
 n - 2 potions of berserk rage
 o - a potion of brilliance
 t - a potion of ambrosia
 A - 5 potions of heal wounds
 D - 2 potions of magic
 K - 4 potions of attraction
Books
 f - a manual of Translocations


   Skills:
 + Level 12.6 Fighting
 - Level 14.0 Short Blades
 - Level 1.5 Dodging
 + Level 12.3 Stealth
 * Level 4.0 Shields
 - Level 9.6 Spellcasting
 - Level 3.9(6.4) Transmutations
 * Level 17.4(19.5) Earth Magic


You had 19 spell levels left.
You knew the following spells:

 Your Spells              Type           Power        Failure   Level
a - Sandblast             Erth           100%         0%          1
b - Passwall              Tmut/Erth      44%          1%          2
c - Stone Arrow           Conj/Erth      88%          1%          3
d - Lee's Rapid Deconstr  Erth           34%          1%          5
e - Petrify               Tmut/Erth      53%          1%          4

Your spell library contained the following spells:

 Spells                   Type           Power        Failure   Level
 Animate Skeleton         Necr           18%          7%          1
 Foxfire                  Conj/Fire      36%          7%          1
 Magic Dart               Conj           36%          7%          1
 Pain                     Necr           36%          7%          1
 Corpse Rot               Necr/Air       N/A          11%         2
 Searing Ray              Conj           18%          11%         2
 Bolt of Magma            Conj/Fire/Erth 16%          14%         5
 Confusing Touch          Hex            9%           22%         3
 Conjure Flame            Conj/Fire      9%           22%         3
 Dazzling Flash           Conj/Hex       18%          22%         3
 Gell's Gravitas          Tloc           4%           22%         3
 Inner Flame              Hex/Fire       9%           22%         3
 Static Discharge         Conj/Air       9%           22%         3
 Vampiric Draining        Necr           4%           22%         3
 Iron Shot                Conj/Erth      22%          22%         6
 Yara's Violent Unravell  Hex/Tmut       10%          50%         5
 Animate Dead             Necr           4%           56%         4
 Fulminant Prism          Conj/Hex       4%           56%         4
 Iskenderun's Mystic Bla  Conj/Tloc      9%           56%         4
 Sticky Flame             Conj/Fire      9%           56%         4
 Summon Lightning Spire   Summ/Air       9%           56%         4
 Hydra Form               Tmut           15%          67%         6
 Agony                    Necr           9%           89%         5
 Fireball                 Conj/Fire      4%           89%         5
 Iskenderun's Battlesphe  Conj           9%           89%         5
 Lightning Bolt           Conj/Air       4%           89%         5
 Metabolic Englaciation   Hex/Ice        4%           89%         5
 Silence                  Hex/Air        4%           89%         5
 Summon Forest            Summ/Tloc      4%           89%         5
 Shatter                  Erth           34%          95%         9
 Eringya's Noxious Bog    Tmut/Pois      10%          97%         6
 Conjure Ball Lightning   Conj/Air       4%           100%        6
 Simulacrum               Ice/Necr       4%           100%        6
 Malign Gateway           Summ/Tloc      4%           100%        7
 Orb of Destruction       Conj           4%           100%        7
 Spellforged Servitor     Conj/Summ      4%           100%        7
 Summon Hydra             Summ           4%           100%        7
 Ignition                 Fire           4%           100%        8
 Tornado                  Air            4%           100%        9


Dungeon Overview and Level Annotations

Branches:
Dungeon (15/15)            Temple (1/1) D:4            Lair (6/6) D:11
  Swamp (3/4) Lair:4        Snake (0/4) Lair:4        Slime (0/5) Lair:5
    Orc (2/2) D:12            Elf (1/3) Orc:2        Vaults (0/5) D:14
 Depths (0/5) D:15

Altars:
Ashenzari
Cheibriados
Dithmenos
Elyvilon
Fedhas
Nemelex Xobeh
Okawaru
Qazlal
Ru
Sif Muna
Trog
Vehumet
Wu Jian
Xom
Yredelemnul
Zin
The Shining One
Beogh
Jiyva

Shops:
D:13 [   Orc:1 [   Orc:2 ?[*}

Portals:
Pandemonium: Orc:2

Annotations:
D:1 exclusions: downstairs and 1 more exclusion
D:3 exclusion: downstairs, Ijyb
D:7 exclusion: downstairs
D:8 exclusion: 2 downstairs
D:9 Harold
D:11 exclusion: downstairs
D:12 exclusions: skeletal warrior and 3 more exclusions
D:15 exclusion: door
Lair:1 exclusions: downstairs and oklob plant
Lair:2 exclusion: downstairs
Lair:3 1 runed translucent door, exclusions: death yak and 3 more exclusions, bl3nd3r's ghost, journeyman DsAK
Lair:4 exclusions: downstairs and 1 more exclusion
Lair:5 exclusion: 3 doors
Lair:6 1 runed translucent door, 1 exclusion
Swamp:1 exclusion: 2 downstairs
Swamp:2 1 exclusion, Kirke
Orc:1 3 runed translucent doors
Orc:2 exclusion: downstairs


Innate Abilities, Weirdness & Mutations

You are resistant to torment.
Your stone body is resilient. (AC +12)
You are immune to poison.
Your large and strong wings let you fly indefinitely.
You resist negative energy. (rN+)
You are resistant to electric shocks. (rElec)
You can survive without breathing.
You are immune to petrification.
You are immune to miasma.


Message History

* * * LOW HITPOINT WARNING * * *
You hit the bunyip. Lightning courses through the bunyip!
The bunyip is almost dead.
You block the goliath frog's attack.
You barely miss the bunyip.
The bunyip is almost dead.
You hit the bunyip but do no damage. Lightning courses through the bunyip!
You kill the bunyip!
The goliath frog hits you but does no damage.
Your Shields skill increases to level 4!
The goliath frog hits you but does no damage.
The goliath frog barely misses you. The goliath frog hits you from afar!
* * * LOW HITPOINT WARNING * * *
You are splashed with acid!
* * * LOW HITPOINT WARNING * * *
The goliath frog barely misses you.
A swamp worm comes into view.
The goliath frog hits you from afar!!
You die...

..≈.≈≈≈≈!≈≈≈≈ ≈≈≈≈ ,,
≈..≈≈♣≈≈≈≈≈... ≈≈w§ .≈.§
,
.≈≈≈≈≈≈§≈≈§....≈≈..≈.$.♣
,, ,,
≈.≈≈.≈≈≈≈§.♣...♣♣≈.≈...≈≈
≈
≈≈≈≈.≈≈≈...♣...♣.≈...≈≈≈.
* *
≈≈§≈<.≈≈.≈≈.≈..♣.♣§≈≈♣≈≈.
*
≈.≈.≈≈≈≈≈≈≈≈≈≈♣♣≈♣§≈♣...≈
*
≈≈≈≈≈F≈≈≈≈≈≈≈≈♣♣≈≈.♣≈..♣
,,*
♣.≈....§≈v≈..FF.@.≈≈≈.♣ ,
* ♣.≈≈≈≈≈≈≈≈≈≈.†♣♣♣<.≈≈≈♣
♣♣≈≈≈≈≈≈.≈...♣♣ ♣♣.≈≈♣♣ ,
♣.≈≈≈≈≈≈.≈≈≈ * ..♣♣ ≈,* *
♣.≈.≈.≈≈≈≈≈.* ..♣ ≈ ** *
≈.>.≈≈♣ ♣§♣ * , *, .≈...≈
.♣ ≈ , *≈ ≈§.≈≈. .♣ ,* ,
* ♣♣.≈≈≈ .♣ ≈* ≈


You could see 2 goliath frogs, a will-o-the-wisp and a swamp worm (wandering).

Vanquished Creatures
  Nikola (Swamp:2)
  Louise (Swamp:2)
  A bunyip (Swamp:3)
  2 green draconians (Swamp:1)
  4 eleionomae
  4 vault guards (D:14)
  3 boulder beetles
  A ghost crab (Swamp:2)
  14 hydras
  Erica (D:9)
  A catoblepas (Lair:4)
  7 centaur warriors
  A death yak (Lair:4)
  3 two-headed ogres
  3 alligators
  Urug (Lair:2)
  2 orc high priests (Orc:2)
  2 dancing weapons (Orc:2)
  A sixfirhy (Orc:2)
  2 unseen horrors
  5 goliath frogs
  3 swamp dragons
  2 spriggan druids
  2 infernal demonspawn (Orc:2)
  A bog body (Lair:4)
  Pikel (D:6)
  7 orc knights
  4 deep elf magi
  2 ugly things (D:12)
  10 orc sorcerers
  5 cyclopes
  3 will-o-the-wisps (Swamp:2)
  5 manticores
  4 elephants (Lair:6)
  Maurice (D:8)
  5 black mambas
  A torpor snail (Lair:3)
  Psyche (D:10)
  3 centaur zombies
  An orange demon (Orc:2)
  3 centaur skeletons
  A gargoyle (D:14)
  Maggie (D:6)
  4 kobold demonologists
  9 cane toads
  4 komodo dragons (Lair:6)
  3 ice devils
  A red devil (Orc:2)
  A merfolk (D:11)
  4 trolls
  A bloated husk (Swamp:1)
  7 tyrant leeches
  Grinder (D:5)
  3 polar bears
  2 hornets (Swamp:2)
  6 slime creatures
  3 blink frogs (Lair:1)
  A centaur simulacrum (D:13)
  4 spriggans (Swamp:2)
  2 wraiths
  3 shadows
  2 water elementals
  6 wyverns
  Eustachio (D:6)
  53 yaks
  A steam dragon (D:12)
  3 basilisks
  9 vampire mosquitoes
  3 nagas (Lair:4)
  7 swamp worms
  A warg (Orc:2)
  11 water moccasins
  A soldier ant (D:11)
  A hell hound (Lair:6)
  2 acid dragons (D:14)
  4 swamp drakes
  33 orc warriors
  4 ice beasts
  2 eyes of draining
  2 sky beasts
  2 phantoms (D:8)
  3 black bears
  9 ogres
  3 wolves (Lair:2)
  2 necrophages
  21 centaurs
  15 bullfrogs
  A wyvern skeleton (D:9)
  12 killer bees
  4 scorpions
  6 wights
  5 electric eels
  A crimson imp (D:11)
  3 howler monkeys
  3 bullfrog zombies
  A quasit (D:8)
  3 jellies
  16 orc wizards
  9 hounds
  24 orc priests
  A bullfrog skeleton (D:10)
  3 iguanas
  11 worker ants
  A killer bee zombie (D:10)
  A hound zombie (D:10)
  2 hound skeletons
  A worker ant zombie (D:5)
  Robin (D:2)
  9 gnolls
  9 adders
  A shadow imp (D:7)
  4 white imps
  An ufetubus (D:13)
  An ooze (D:1)
  An adder skeleton (D:4)
  2 adder zombies
  A worm (D:4)
  8 leopard geckos
  77 orcs
  4 giant cockroaches
  16 goblins
  11 hobgoblins
  13 jackals
  11 quokkas
  2 ball pythons
  7 bats
  3 frilled lizards
  2 goblin skeletons (D:5)
  2 goblin zombies (D:5)
  3 hobgoblin zombies (D:5)
  A jackal zombie (D:7)
  10 kobolds
  A kobold zombie (D:5)
  An orc skeleton (D:5)
  An orc zombie (D:5)
  12 rats
  2 butterflies (Lair:1)
711 creatures vanquished.

Vanquished Creatures (others)
  2 bloated husks (Swamp:1)
  A bush (Lair:6)
  11 foxfires (Swamp:2)
  28 fungi
  34 plants
76 creatures vanquished.

Grand Total: 787 creatures vanquished

Notes
Turn   | Place    | Note
-------+----------+-------------------------------------------
     0 | D:1      | nightchill the Gargoyle Earth Elementalist began the quest
                  | for the Orb.
     0 | D:1      | Reached XP level 1. HP: 10/10 MP: 3/3
    42 | D:1      | Reached skill level 4 in Earth Magic
    42 | D:1      | Reached XP level 2. HP: 3/16 MP: 0/5
   611 | D:1      | Reached skill level 1 in Fighting
   742 | D:1      | Reached XP level 3. HP: 20/20 MP: 6/6
  1682 | D:2      | Noticed Robin
  1694 | D:1      | Reached XP level 4. HP: 24/25 MP: 7/7
  1702 | D:1      | Learned a level 2 spell: Passwall
  1965 | D:2      | Found a blossoming altar of Fedhas.
  2064 | D:1      | Reached skill level 1 in Short Blades
  2158 | D:2      | Found a radiant altar of Vehumet.
  2567 | D:2      | Killed Robin
  3119 | D:3      | Found an iron altar of Okawaru.
  3147 | D:3      | Noticed Ijyb
  3329 | D:3      | Reached XP level 5. HP: 26/29 MP: 8/8
  3491 | D:3      | Found a glowing silver altar of Zin.
  3698 | D:3      | Reached skill level 5 in Earth Magic
  4152 | D:4      | Noticed an ogre
  4172 | D:4      | Killed an ogre
  4173 | D:4      | Reached XP level 6. HP: 35/35 MP: 5/10
  4584 | D:4      | Found a staircase to the Ecumenical Temple.
  4626 | Temple   | Entered the Ecumenical Temple
  4662 | Temple   | Became a worshipper of Ashenzari the Shackled
  5055 | D:4      | Reached XP level 7. HP: 7/40 MP: 4/11
  5342 | D:5      | Entered Level 5 of the Dungeon
  5369 | D:5      | Found a glowing golden altar of the Shining One.
  5590 | D:5      | Noticed Grinder
  5598 | D:5      | Killed Grinder
  5599 | D:5      | Reached skill level 6 in Earth Magic
  6339 | D:5      | Reached XP level 8. HP: 44/46 MP: 10/13
  6802 | D:6      | Reached skill level 7 in Earth Magic
  6915 | D:6      | Noticed Pikel
  6987 | D:6      | Killed Pikel
  6988 | D:6      | Reached skill level 5 in Stealth
  7375 | D:6      | Reached skill level 8 in Earth Magic
  7504 | D:6      | Reached * piety under Ashenzari
  7514 | D:6      | Reached skill level 5 in Short Blades
  7514 | D:6      | Reached XP level 9. HP: 52/52 MP: 15/15
  7790 | D:6      | Noticed Maggie
  7844 | D:6      | Killed Maggie
  8175 | D:6      | Noticed Eustachio
  8204 | D:6      | Killed Eustachio
  8521 | D:7      | Learned a level 3 spell: Stone Arrow
  9194 | D:7      | Found a basalt altar of Yredelemnul.
  9194 | D:7      | Found a shadowy altar of Dithmenos.
  9195 | D:7      | Found a bloodstained altar of Trog.
  9350 | D:7      | Reached skill level 5 in Fighting
  9520 | D:6      | Reached skill level 9 in Earth Magic
 10022 | D:8      | Learned a level 5 spell: Lee's Rapid Deconstruction
 10024 | D:8      | Reached ** piety under Ashenzari
 10091 | D:8      | Found a sparkling altar of Nemelex Xobeh.
 10696 | D:8      | Noticed Maurice
 11019 | D:8      | Reached skill level 5 in Spellcasting
 11432 | D:8      | Noticed a two-headed ogre
 11433 | D:8      | Killed a two-headed ogre
 11434 | D:8      | Reached skill level 10 in Earth Magic
 11434 | D:8      | Reached XP level 10. HP: 46/60 MP: 13/17
 11583 | D:8      | Killed Maurice
 11949 | D:9      | Noticed Erica
 12997 | D:9      | Killed Erica
 13219 | D:9      | Reached skill level 11 in Earth Magic
 13341 | D:9      | Noticed Harold
 13764 | D:10     | Entered Level 10 of the Dungeon
 13765 | D:10     | Noticed Psyche
 13775 | D:10     | Killed Psyche
 13776 | D:10     | Reached XP level 11. HP: 14/66 MP: 4/20
 14315 | D:10     | Reached *** piety under Ashenzari
 14421 | D:10     | Noticed a two-headed ogre
 14428 | D:10     | Killed a two-headed ogre
 14501 | D:10     | Noticed an unseen horror
 14603 | D:10     | Killed an unseen horror
 15113 | D:10     | Found a basalt altar of Yredelemnul.
 15764 | D:11     | Learned a level 4 spell: Petrify
 15813 | D:11     | Found a staircase to the Lair.
 16412 | D:11     | Found a snail-covered altar of Cheibriados.
 16728 | D:11     | Noticed a deep elf mage
 16734 | D:11     | Killed a deep elf mage
 16830 | D:11     | Noticed a deep elf mage
 16866 | D:11     | Killed a deep elf mage
 17129 | D:11     | Reached skill level 12 in Earth Magic
 17657 | Lair:1   | Entered Level 1 of the Lair of Beasts
 17770 | Lair:1   | Identified the +11 arbalest of Success {flame, rPois Dex-3
                  | SInv}
 17770 | Lair:1   | Noticed an oklob plant
 18615 | Lair:2   | Reached XP level 12. HP: 73/73 MP: 14/22
 18685 | Lair:2   | Identified the Handbook of Supportive Sinister Rituals
 18728 | Lair:2   | Reached skill level 10 in Stealth
 19147 | Lair:2   | Reached **** piety under Ashenzari
 19325 | Lair:2   | Noticed Urug
 20303 | Lair:3   | Reached skill level 1 in Transmutations
 20334 | Lair:3   | Noticed a death yak
 20958 | Lair:3   | Noticed a death yak
 20958 | Lair:3   | Noticed a death yak
 21258 | Lair:3   | Found a runed translucent door.
 21258 | Lair:3   | Found a shimmering altar of Xom.
 21258 | Lair:3   | Noticed bl3nd3r's ghost (journeyman DsAK)
 21259 | Lair:3   | Identified the cursed +0 quarterstaff of Kiehuaza {chaos,
                  | +Inv Str+5 Dex-4}
 21371 | Lair:3   | Noticed a death yak
 21401 | Lair:4   | Found a staircase to the Snake Pit.
 21703 | Lair:3   | Reached skill level 13 in Earth Magic
 22108 | Lair:3   | Noticed a seven-headed hydra
 22630 | Lair:4   | Found a staircase to the Swamp.
 22765 | Lair:4   | Got the long sword of No Interval {antimagic, Dex+4 SInv}
 22938 | Lair:4   | Noticed a catoblepas
 22994 | Lair:4   | Killed a catoblepas
 23177 | Lair:5   | Reached skill level 10 in Short Blades
 23289 | Lair:5   | Reached XP level 13. HP: 79/79 MP: 21/24
 23537 | Lair:5   | Found a staircase to the Slime Pits.
 23537 | Lair:5   | Found a viscous altar of Jiyva.
 24936 | D:12     | Found a staircase to the Orcish Mines.
 24949 | D:12     | Found a roughly hewn altar of Beogh.
 27677 | D:13     | Found a frozen archway.
 28533 | D:13     | Reached skill level 14 in Earth Magic
 28641 | D:13     | Got the uncursed robe of Qiuxtota {rPois Str+5 Int-2
                  | Slay+5}
 29910 | D:13     | Found Roclao's Antique Armour Boutique.
 30051 | Orc:1    | Entered Level 1 of the Orcish Mines
 30299 | Orc:1    | Found a runed translucent gate.
 30299 | Orc:1    | Found a runed translucent gate.
 30302 | Orc:1    | Found a runed translucent gate.
 30688 | Orc:1    | Found Ikhlyum's Antique Armour Shoppe.
 30786 | Orc:2    | Entered Level 2 of the Orcish Mines
 30786 | Orc:2    | Found a staircase to the Elven Halls.
 30793 | Orc:2    | Gained mutation: Your large and strong wings let you fly
                  | indefinitely. [Gargoyle growth]
 30793 | Orc:2    | Reached XP level 14. HP: 87/87 MP: 21/26
 31911 | Orc:2    | Found Lycicw's Magic Scroll Shop.
 31911 | Orc:2    | Found Vafopn's General Store.
 33245 | Orc:2    | Reached skill level 10 in Fighting
 33454 | Orc:2    | Found Oboys's Gadget Emporium.
 33454 | Orc:2    | Found Qidomeirr's Antique Armour Shoppe.
 33454 | Orc:2    | Found a one-way gate leading to the halls of Pandemonium.
 33465 | Orc:2    | Bought a scroll of brand weapon for 260 gold pieces
 34161 | Orc:2    | Paralysed by an orc sorcerer for 3 turns
 35717 | Orc:1    | Bought a warped ring mail for 198 gold pieces
 37678 | D:14     | Reached skill level 15 in Earth Magic
 38183 | D:14     | Reached XP level 15. HP: 69/93 MP: 12/28
 38425 | D:14     | Found a gate to the Vaults.
 38739 | D:15     | Entered Level 15 of the Dungeon
 38781 | D:15     | Found a staircase to the Depths.
 38807 | D:15     | Found a stormy altar of Qazlal.
 39356 | D:15     | Found a white marble altar of Elyvilon.
 39643 | D:15     | Paralysed by an orc sorcerer for 7 turns
 40196 | Lair:6   | Entered Level 6 of the Lair of Beasts
 40463 | Lair:6   | Reached ***** piety under Ashenzari
 40987 | Lair:6   | Identified a scroll of acquirement
 41003 | Lair:6   | Acquired a cursed staff of earth
 41079 | Lair:6   | Identified the +8 long sword of No Interval {antimagic,
                  | Dex+4 SInv} (You found it on level 4 of the Lair of Beasts)
 41519 | Lair:6   | Found a large runed translucent door.
 41712 | Lair:2   | Killed Urug
 41812 | Swamp:1  | Entered Level 1 of the Swamp
 42131 | Lair:4   | Reached skill level 16 in Earth Magic
 42619 | Elf:1    | Entered Level 1 of the Elven Halls
 45607 | Swamp:2  | Noticed Nikola
 45612 | Swamp:2  | Reached XP level 16. HP: 101/101 MP: 29/29
 45627 | Swamp:2  | Killed Nikola
 45885 | Swamp:2  | Reached skill level 17 in Earth Magic
 46002 | Swamp:2  | Reached skill level 1 in Shields
 46697 | Swamp:2  | Noticed Louise
 46834 | Swamp:2  | Killed Louise
 47429 | Swamp:2  | Noticed Kirke
 48262 | Swamp:3  | Mangled by a goliath frog

Illustrated notes

Levels and vault maps discovered:
D:1:      ebering_hopf_link, layout_loops_ring
D:2:      layout_rooms, vehumet_crystals, fedhas_altar_2, uniq_robin
D:3:      layout_loops_ring, nicolae_overflow_hidden_temple,
          okawaru_metal_pillars_1_2, uniq_ijyb
D:4:      layout_rooms, minmay_temple_entry_glass
D:5:      layout_loops_ring, nicolae_tso_besieged_by_evil, minmay_diced_spiral,
          uniq_grinder
D:6:      layout_loops_corners, uniq_maggie, uniq_pikel, uniq_eustachio
D:7:      layout_gridville, gammafunk_temple_overflow_forgotten, minivault_14
D:8:      layout_loops_corners, nemelex_xobeh_ov_fountains_minmay, uniq_maurice
D:9:      layout_cave_pools, uniq_harold, uniq_erica
D:10:     hangedman_cross_cluster, layout_cave_pods, basic_altar, uniq_psyche
D:11:     layout_roguey, david_lair_generic, hangedman_stone_soup,
          cheibriados_altar_1
D:12:     layout_stronghold, minmay_orc_entry_temple_small, grunt_ministairs_1
D:13:     layout_roguey, serial_ice, serial_ice_e, serial_ice_g, serial_ice_h,
          serial_ice_c, portal_ice_cave_demonic_guard, serial_shops, shop,
          chequers_serial_rivers_small_3, serial_bayou_lake_a
D:14:     layout_roguey, lightli_vaults_fourway_checkpoint,
          nrook_mini_backslash, serial_park_tiny_pond
D:15:     gammafunk_enter_depths_forms, layout_cave_pools, elyvilon_altar_3,
          grunt_qazlal_clouds
Temple:   regret_index_temple_waves
Lair:1:   layout_roguey, grunt_megastairs_5, serial_bayou_shore_b,
          minmay_lair_oklob_chamber, serial_bayou_shore_b, lemuel_fruit_fields
Lair:2:   layout_loops_ring, beast_lair_carwin_6, serial_bayou_shore_a,
          grunt_megastairs_4, lemuel_fruit_tree, uniq_urug
Lair:3:   nzn_winding_woodlands_stair_cross [nzn_winding_woodlands_5x15_zeroes,
          nzn_winding_woodlands_center_triple_pond,
          nzn_winding_woodlands_5x15_pool, nzn_winding_woodlands_5x5_cross,
          nzn_winding_woodlands_5x5_default,
          nzn_winding_woodlands_5x15_river_crossing,
          nzn_winding_woodlands_center_garden,
          nzn_winding_woodlands_5x15_sawtooth], layout_hall_layers,
          ebering_ghost_xom, infiniplex_staircase_pool
Lair:4:   layout_misc_corridors, swamp_mist_pool, guppyfry_snake_entry_island
Lair:5:   layout_regular_city, slime_altar_1, serial_bayou_pond_c,
          zaba_antful_of_joy
Lair:6:   cheibrodos_lair_end_hotspot, layout_concentric_octagons
Swamp:1:  layout_falls_marsh, evilmike_swamp_ruin_rubble_2, hangedman_swamp_dais
Swamp:2:  layout_basic_swamp, nicolae_swamp_triple_paths, swamp_pool1,
          uniq_kirke, uniq_nikola, uniq_louise
Swamp:3:  layout_falls_marsh, evilmike_swamp_ruin_house_2, swamp_pool4,
          uniq_donald
Orc:1:    layout_caves, serial_shops, nicolae_shop_window_shopping,
          gammafunk_ghost_necromancy, statue_in_the_mist_lemuel
Orc:2:    pf_orc_diabolical, layout_caves, abandoned_shop
Elf:1:    layout_gridlike, serial_shops,
          nicolae_shop_competitors_out_of_business,
          nicolae_shop_temple_entry_statues_fountains, shop, shop, shop,
          hangedman_corner_corridor, small_statue_intersection

Skill      XL: |  1  2  3  4  5  6  7  8  9 10 11 12 13 14 15 16 |
---------------+-------------------------------------------------+-----
Earth Magic    | 4 5 6 8 10 11 12 13 14 15 16 17 | 17.4
Fighting       | 1 2 3 4 5 6 7 8 9 10 12 | 12.6
Short Blades   | 1 2 3 5 6 7 9 10 11 12 14 | 14.0
Stealth        | 3 4 5 6 8 9 11 12 | 12.3
Spellcasting   | 3 4 5 6 7 8 9 |  9.6
Transmutations | 2 3 |  3.9
Shields        | 4 |  4.0
Dodging        | |  1.5

Action                   |  1- 3 |  4- 6 |  7- 9 | 10-12 | 13-15 | 16-18 || total
-------------------------+-------+-------+-------+-------+-------+-------++-------
Melee: Unarmed           |    28 |       |       |       |       |       ||    28
       Club              |    34 |       |       |       |       |       ||    34
       Short sword       |    88 |   203 |       |       |       |       ||   291
       Dagger            |       |    50 |   503 |   783 |    63 |       ||  1399
       Rapier            |       |       |       |       |  1361 |   228 ||  1589
Throw: Stone             |       |       |       |     3 |     1 |     1 ||     5
 Cast: Sandblast         |     6 |    42 |    63 |    44 |     6 |       ||   161
       Passwall          |       |     1 |    11 |    31 |    22 |       ||    65
       Stone Arrow       |       |       |    27 |    45 |    69 |       ||   141
       Lee's Rapid Decon |       |       |     1 |    15 |    35 |       ||    51
       Petrify           |       |       |       |    85 |   249 |    24 ||   358
Invok: Curse Item        |       |       |     2 |     1 |       |       ||     3
       Scrying           |       |       |       |     5 |    10 |     1 ||    16
 Abil: Fly               |       |       |       |       |     1 |       ||     1
Evoke: Wand              |       |       |       |       |     1 |       ||     1
  Use: Scroll            |       |       |     8 |    17 |     7 |     5 ||    37
       Potion            |       |       |       |       |     2 |     2 ||     4
 Stab: Sleeping          |     6 |     2 |    23 |    42 |    41 |     2 ||   116
       Distracted        |       |     1 |     1 |     1 |     2 |     1 ||     6
       Petrified         |       |       |       |    40 |   146 |    10 ||   196
       Petrifying        |       |       |       |    30 |    72 |     8 ||   110
       Invisible         |       |       |       |       |     3 |       ||     3
Armor: Robe              |    52 |    95 |   133 |   192 |   502 |    85 ||  1059
Dodge: Dodged            |   131 |   156 |   163 |   241 |   519 |    69 ||  1279
Block: Other             |       |       |       |    85 |   173 |    31 ||   289
       Reflection        |       |       |       |       |     9 |     1 ||    10
